 Dungeon Crawl Stone Soup version 0.32-a0-132-g2d33c3cfaf (webtiles) character file.

Game seed: 11754964815090827246

26670 Ceno the Fighter (level 13, 0/126 HPs)
             Began as a Naga Ice Elementalist on Feb 9, 2024.
             Was a Priest of Cheibriados.
             Slain by a catoblepas (10 damage)
             ... on level 1 of the Lair of Beasts.
             The game lasted 00:51:05 (17028 turns).

Ceno the Fighter (Naga Ice Elementalist)           Turns: 17028, Time: 00:51:07

Health: 0/126      AC: 16    Str: 20    XL:     13   Next: 27%
Magic:  13/19      EV: 14    Int: 26    God:    Cheibriados [***...]
Gold:   723        SH:  0    Dex: 21    Spells: 10/20 levels left

rFire   + . .        b - +1 war axe
rCold   . . .        (no shield)
rNeg    . . .        o - +0 acid dragon scales
rPois   +            (no helmet)
rElec   .            (no cloak)
rCorr   +            w - +2 pair of gloves
SInv    +            (no barding)
Will    +....        (no amulet)
Stlth   +++          e - +4 ring of protection
HPRegen 0.41/turn    D - ring of protection from fire
MPRegen 0.16/turn

%: no passive effects
@: very slow
A: AC +4, large, see invisible, deformed body, poison resistance, slowness 2,
spit poison 1, naga tail 2
a: Spit Poison, Renounce Religion, Bend Time, Temporal Distortion


You were on level 1 of the Lair of Beasts.
You worshipped Cheibriados.
Cheibriados was most pleased with you.
You visited 3 branches of the dungeon, and saw 13 of its levels.
You also visited: Bailey.

You collected 723 gold pieces.

Inventory:

Hand Weapons
 a - a +0 whip of venom
 b - a +1 war axe (weapon)
 A - a +0 hand axe
Missiles
 h - 122 stones (quivered)
 l - 39 poisoned darts
 H - a curare-tipped dart
Armour
 o - +0 acid dragon scales (worn)
 w - a +2 pair of gloves (worn)
Jewellery
 e - a +4 ring of protection (left hand)
 v - a ring of flight
 D - a ring of protection from fire (right hand)
Wands
 c - a wand of flame (15)
 t - a wand of roots (11)
 I - a wand of charming (4)
Scrolls
 d - 2 scrolls of noise {unknown}
 f - a scroll of vulnerability {unknown}
 i - a scroll of acquirement {unknown}
 j - a scroll of enchant weapon
 k - 7 scrolls of teleportation
 m - 3 scrolls of fear
 p - 2 scrolls of revelation
 q - 3 scrolls of fog
 r - 4 scrolls of enchant armour
 s - a scroll of butterflies {unknown}
 x - 3 scrolls of poison
 y - 2 scrolls of torment
 C - a scroll of immolation
Potions
 g - 3 potions of curing
 n - 2 potions of brilliance
 u - 5 potions of lignification
 z - 2 potions of magic
 B - a potion of berserk rage
 E - 2 potions of degeneration
 G - a potion of attraction
 J - a potion of cancellation {unknown}


   Skills:
 + Level 10.9 Fighting
 * Level 9.6 Axes
 - Level 8.0 Armour
 - Level 8.0 Dodging
 - Level 5.0 Stealth
 - Level 4.0 Spellcasting
 - Level 4.0 Summonings
 - Level 8.0 Ice Magic
 + Level 2.1 Invocations


You had 10 spell levels left.
You knew the following spells:

 Your Spells              Type           Power      Damage    Failure   Level
a - Freeze                Ice            100%       1d10      1%          1
b - Frozen Ramparts       Ice            92%        1d14      1%          3
c - Ozocubu's Armour      Ice            46%        N/A       1%          3
d - Summon Ice Beast      Ice/Summ       36%        N/A       2%          3

Your spell library contained the following spells:

 Spells                   Type           Power      Damage    Failure   Level
 Blink                    Tloc           10%        N/A       16%         2
 Lesser Beckoning         Tloc           10%        N/A       16%         2
 Momentum Strike          Conj/Tloc      10%        3d8       16%         2
 Summon Blazeheart Golem  Fire/Summ      15%        N/A       41%         4
 Orb of Destruction       Conj           2%         9d5       100%        7
 Spellforged Servitor     Conj/Summ      7%         N/A       100%        7


Dungeon Overview and Level Annotations

Branches:
Dungeon (11/15)            Temple (1/1) D:4            Lair (1/5) D:11
    Orc (0/2) D:11         Bailey (visited)

Altars:
Ashenzari
Cheibriados
Dithmenos
Elyvilon
Fedhas
Gozag
Hepliaklqana
Kikubaaqudgha
Makhleb
Nemelex Xobeh
Okawaru
Qazlal
Ru
Sif Muna
Trog
Uskayaw
Vehumet
Wu Jian
Xom
Yredelemnul
Zin
The Shining One

Shops:
D:4 (   D:6 ![*!(   D:8 ((

Annotations:
D:2 Natasha
D:3 Ijyb
D:4 1 runed translucent door, exclusion: 2 phantoms, Crazy Yiuf
D:6 Menkaure
Lair:1 Harold


Innate Abilities, Weirdness & Mutations

Your serpentine skin is tough. (AC +4)
You have supernaturally acute eyesight. (SInv)
Armour fits poorly on your strangely shaped body.
Your system is resistant to poisons. (rPois)
You cover ground very slowly.
You can spit poison.
You can use your snake-like lower body to constrict enemies.


Message History

A catoblepas comes into view.
The catoblepas bellows!
The catoblepas moves out of view.
The catoblepas breathes a plume of calcifying dust at you.
The blast of calcifying dust hits you. The catoblepas gores you!!
The catoblepas barely misses you. The catoblepas closely misses you.
The catoblepas breathes a plume of calcifying dust at you.
The blast of calcifying dust hits you. The catoblepas gores you!!
The catoblepas breathes a plume of calcifying dust at you.
The blast of calcifying dust hits you.
The catoblepas gores you but does no damage.
The catoblepas breathes a plume of calcifying dust at you.
The blast of calcifying dust hits you.
The catoblepas breathes a plume of calcifying dust at you.
The blast of calcifying dust hits you but does no damage.
The catoblepas gores you!! The catoblepas misses you.
The catoblepas barely misses you. The catoblepas gores you!
* * * LOW HITPOINT WARNING * * *
Casting: Summon Ice Beast (mildly dangerous; 2% risk of failure)
Confirm with . or Enter, or press ? or * to list all spells.
A chill wind blows around you. The catoblepas closely misses you.
Okay, then.
You hit the catoblepas. You grab the catoblepas.
The catoblepas is lightly wounded.
You constrict the catoblepas. The catoblepas closely misses you.
Your ice beast is engulfed in calcifying dust.
Your ice beast is moving more slowly.
You hit the catoblepas.
The catoblepas is lightly wounded.
You constrict the catoblepas. The catoblepas gores you!!
* * * LOW HITPOINT WARNING * * *
The flow of time bends around you. Cheibriados rebukes your ice beast.
Your ice beast seems to slow down.
The catoblepas resists with some effort.
You constrict the catoblepas. The catoblepas gores you!
You die...
Cheibriados appreciates the motionlessness of death.

.................... ......
.................... ......
.##.####.....#####+# ......
.P#####.......####.#### ##.##.
.............##.......## .. ...
.#....#P.....##........#.#.......
.##...##......#.......##.#.......
.# ...#......#..Y.....#...... ...
.#....##.....##.@Y....#P.#.. ..
.#....##.....##.......##..#######
..#.# #.....#######.###.........
.#.#####......######+##..........
.................................
#.#####################.###......
### ### ##..... #~..~~P #PP~P~~


You could see a catoblepas (ally target) and a friendly ice beast (summoned,
petrifying, slow).

Vanquished Creatures
  An ogre mage (D:10)
  2 two-headed ogres
  A tengu warrior (D:10)
  2 centaur warriors
  Pikel (D:5)
  A cyclops (D:11)
  A manticore (D:11)
  Jeremiah (D:7)
  An unseen horror (D:11)
  3 kobold demonologists (D:10)
  A troll (D:10)
  5 blink frogs (Lair:1)
  Sigmund (D:5)
  A shadow (D:11)
  2 wyverns (D:9)
  15 yaks
  A wraith (D:11)
  Grum (Lair:1)
  An acid dragon (D:9)
  Duvessa (D:6)
  3 water moccasins
  A sky beast (D:7)
  4 ogres
  14 orc warriors
  2 black bears
  7 wolves (Lair:1)
  A centaur (D:9)
  A phantom (D:5)
  A lemure (D:4)
  4 kobold brigands
  3 bullfrogs
  3 gnoll sergeants
  4 wights
  14 killer bees
  A howler monkey (D:9)
  2 bombardier beetles (D:5)
  4 hounds
  2 orc priests
  A gnoll bouda (D:7)
  2 sleepcaps
  7 orc wizards
  Robin (D:2)
  15 gnolls
  5 adders
  2 white imps (D:6)
  5 ufetubi
  A dart slug (D:1)
  2 ribbon worms
  48 orcs
  9 endoplasms
  A giant cockroach (D:1)
  15 goblins
  13 hobgoblins
  3 jackals (D:2)
  28 kobolds
  A quokka (D:3)
  5 ball pythons
  5 bats
  7 frilled lizards
  5 rats
  2 butterflies (D:6)
297 creatures vanquished.

Vanquished Creatures (collateral kills)
  A centaur warrior (D:9)
  A meliai (D:10)
  A cane toad (Lair:1)
  A hornet (D:10)
  A wyvern (D:9)
  A wraith (D:9)
  A yak (Lair:1)
  An acid dragon (D:11)
  A water moccasin (D:8)
  A phantom (D:5)
  A kobold brigand (D:10)
  Dowan (D:6)
  A wight (D:9)
  A jelly (D:6)
  4 gnolls
  A shadow imp (D:8)
  2 white imps (D:6)
  An ufetubus (D:7)
  A kobold (D:10)
23 creatures vanquished.

Vanquished Creatures (others)
  An orc wizard (D:11)
1 creature vanquished.

Grand Total: 321 creatures vanquished

Notes
Turn   | Place    | Note
-------+----------+-------------------------------------------
     0 | D:1      | Ceno the Naga Ice Elementalist began the quest for the Orb.
     0 | D:1      | Reached XP level 1. HP: 15/15 MP: 3/3
   246 | D:1      | Reached XP level 2. HP: 22/22 MP: 3/5
   659 | D:1      | Reached XP level 3. HP: 14/28 MP: 2/7
  1288 | D:2      | Learned a level 3 spell: Frozen Ramparts
  1292 | D:2      | Learned a level 3 spell: Ozocubu's Armour
  1528 | D:2      | Reached XP level 4. HP: 22/36 MP: 9/9
  1728 | D:2      | Noticed Natasha
  1899 | D:2      | Found a burning altar of Makhleb.
  2039 | D:2      | Noticed Robin
  2048 | D:2      | Killed Robin
  2509 | D:3      | Noticed Ijyb
  2635 | D:3      | Learned a level 3 spell: Summon Ice Beast
  2877 | D:3      | Identified the +5 ring mail of the Gastropod {Rampage rPois
                  | Stlth+}
  3023 | D:4      | Reached skill level 5 in Stealth
  3038 | D:4      | Noticed a phantom
  3042 | D:4      | Noticed a phantom
  3064 | D:4      | Found a staircase to the Ecumenical Temple.
  3070 | Temple   | Entered the Ecumenical Temple
  3323 | D:4      | Found Kawn's Antique Weapon Emporium.
  3372 | D:4      | Reached XP level 5. HP: 42/42 MP: 10/10
  3512 | D:4      | Found a runed translucent door.
  3513 | D:4      | Noticed Crazy Yiuf
  4146 | D:4      | Reached skill level 1 in Fighting
  4212 | D:5      | Entered Level 5 of the Dungeon
  4268 | D:5      | Noticed a phantom
  4310 | D:5      | Noticed a lemure
  4311 | D:5      | Noticed a lemure
  4311 | D:5      | Noticed a lemure
  4314 | D:5      | Noticed a lemure
  4331 | D:4      | Killed a lemure
  4424 | D:5      | Noticed Pikel
  4438 | D:5      | Killed Pikel
  4439 | D:5      | Reached skill level 3 in Fighting
  4439 | D:5      | Reached XP level 6. HP: 56/56 MP: 6/12
  4439 | D:5      | Reached XP level 7. HP: 62/62 MP: 6/13
  4460 | D:5      | Noticed Sigmund
  4648 | D:5      | Killed Sigmund
  4649 | D:5      | Reached skill level 4 in Fighting
  4649 | D:5      | Reached XP level 8. HP: 72/72 MP: 2/14
  4864 | D:5      | Noticed a shadow
  4865 | D:5      | Found a shadowy altar of Dithmenos.
  4866 | D:5      | Found a hazy altar of Hepliaklqana.
  5052 | D:5      | Reached skill level 1 in Armour
  5165 | D:5      | Reached skill level 1 in Summonings
  5233 | D:6      | Reached skill level 5 in Fighting
  5489 | D:6      | Found an opulent altar of Gozag.
  5503 | D:6      | Reached XP level 9. HP: 81/81 MP: 12/15
  5530 | D:6      | Noticed Menkaure
  5693 | D:6      | Found a shimmering altar of Xom.
  5712 | D:6      | Noticed Duvessa
  5725 | D:6      | Killed Duvessa
  5773 | D:6      | Noticed Dowan
  5791 | D:6      | Reached skill level 1 in Axes
  5793 | D:6      | Killed Dowan
  5951 | D:6      | Found a sparkling altar of Nemelex Xobeh.
  6006 | D:6      | Found Axzuh's Distillery.
  6053 | D:6      | Found Okiwuat's Assorted Antiques.
  6057 | D:6      | Found Jasett's Weapon Shop.
  6057 | D:6      | Found Pionickuziu's Armour Shop.
  6058 | D:6      | Found Tohidie's Distillery.
  6815 | D:7      | Found a flagged portal.
  6835 | Bailey   | Entered a bailey
  6899 | Bailey   | Reached skill level 6 in Fighting
  7439 | Bailey   | Found the +9 sword of Power {lifebolt}
  7443 | Bailey   | Noticed an orc knight
  7665 | D:7      | Reached XP level 10. HP: 92/92 MP: 9/16
  8444 | D:7      | Noticed Jeremiah
  8470 | D:7      | Killed Jeremiah
  8748 | D:8      | Reached skill level 7 in Fighting
  8813 | D:8      | Found Ryziuduc's Weapon Shop.
  9275 | D:8      | Found Leunn's Firing Range.
  9675 | D:9      | Reached skill level 5 in Dodging
 10152 | D:9      | Reached skill level 5 in Axes
 10824 | D:9      | Reached skill level 5 in Armour
 10878 | D:9      | Noticed a two-headed ogre
 10896 | D:9      | Killed a two-headed ogre
 10897 | D:9      | Reached skill level 8 in Fighting
 10897 | D:9      | Reached XP level 11. HP: 28/103 MP: 10/17
 11190 | D:9      | Found a snail-covered altar of Cheibriados.
 11205 | D:9      | Became a worshipper of Cheibriados the Contemplative
 11377 | D:10     | Entered Level 10 of the Dungeon
 11385 | D:10     | Noticed a two-headed ogre
 11708 | D:10     | You fall into a shaft and drop 1 floor!
 11711 | D:11     | Noticed a cyclops
 11756 | D:10     | Noticed a tengu warrior
 11756 | D:10     | Noticed a centaur warrior
 11756 | D:10     | Noticed a centaur warrior
 11853 | D:10     | Noticed a centaur warrior
 12002 | D:10     | HP: 4/103 [centaur warrior/arrow (17)]
 12335 | D:9      | Killed a centaur warrior
 12630 | D:9      | Killed a centaur warrior
 13120 | D:10     | Killed a tengu warrior
 13471 | D:10     | Noticed an ogre mage
 13489 | D:10     | Killed an ogre mage
 13561 | D:10     | Reached skill level 9 in Fighting
 13687 | D:10     | Reached skill level 10 in Fighting
 13687 | D:10     | Reached XP level 12. HP: 116/116 MP: 18/18
 13756 | D:10     | Found a broken altar of Ashenzari.
 13807 | D:10     | Reached * piety under Cheibriados
 14190 | D:10     | Killed a centaur warrior
 14496 | D:10     | Noticed a seven-headed hydra
 14807 | D:11     | Reached ** piety under Cheibriados
 14981 | D:11     | Found a staircase to the Orcish Mines.
 15147 | D:11     | Noticed a two-headed ogre
 15160 | D:11     | Killed a two-headed ogre
 15319 | D:11     | Gained mutation: You can use your snake-like lower body to
                  | constrict enemies. [Naga growth]
 15319 | D:11     | Reached XP level 13. HP: 124/124 MP: 14/19
 15412 | D:11     | Found a staircase to the Lair.
 16053 | Lair:1   | Entered Level 1 of the Lair of Beasts
 16065 | Lair:1   | Noticed Harold
 16081 | Lair:1   | Identified the serpent talisman "Naicou Oshi" {Str+8}
 16321 | Lair:1   | Reached *** piety under Cheibriados
 16448 | Lair:1   | Noticed Grum
 16597 | Lair:1   | Reached skill level 1 in Invocations
 16616 | Lair:1   | Killed Grum
 17028 | Lair:1   | Slain by a catoblepas

Illustrated notes

Levels and vault maps discovered:
D:1:      dpeg_arrival_shrine, layout_basic, amcnicky_mini_rare_corridor_liquid,
          minmay_misc_feat_cross
D:2:      layout_loops_ring, basic_altar, minmay_misc_feat_chi, uniq_robin,
          uniq_natasha
D:3:      layout_basic, uniq_ijyb
D:4:      layout_loops_corners, minmay_temple_entry_nine_rooms, serial_shops,
          nicolae_shop_rolling_square, uniq_crazy_yiuf_cottage
D:5:      layout_basic, riverfiend_overflow_shadow_ancestor, uniq_sigmund,
          uniq_pikel
D:6:      minmay_general_purpose_star, layout_loops_ring,
          mainiacjoe_overflow_boulevard, nemelex_dance_club_becter,
          xom_butterflies, minmay_gold_behind_fungi, nicolae_take_the_stairs,
          minmay_shop_grid_forest, minmay_misc_feat_room, uniq_duvessa,
          uniq_menkaure
D:7:      layout_basic, enter_bailey_4, chequers_decorated_corner, uniq_jeremiah
D:8:      layout_basic, serial_shops, shop, nicolae_shop_firing_range
D:9:      layout_grid_maze, slow_altar_2
D:10:     minmay_blocky_corners, layout_irregular_city,
          lemuel_coloured_pillars_altar, lightli_corner_chamber
D:11:     layout_basic, lair_entry_dummy, david_orc_2, kennysheep_generic_room_7
Temple:   bh_familiar_temple
Lair:1:   layout_regular_city, serial_bayou_shore_b, uniq_harold, uniq_grum

Skill      XL: |  1  2  3  4  5  6  7  8  9 10 11 12 13 |
---------------+----------------------------------------+-----
Stealth        | 4 5 |  5.0
Spellcasting   | 3 4 |  4.0
Fighting       | 3 4 5 6 8 10 | 10.9
Ice Magic      | 6 7 8 |  8.0
Armour         | 2 3 5 7 8 |  8.0
Dodging        | 2 4 5 7 8 |  8.0
Summonings     | 2 4 |  4.0
Axes           | 3 5 8 9 |  9.6
Invocations    | 2 |  2.1

Action                     |  1- 3 |  4- 6 |  7- 9 | 10-12 | 13-15 || total
---------------------------+-------+-------+-------+-------+-------++-------
  Melee: Whip              |    26 |    68 |   194 |   361 |    53 ||   702
         Punch             |       |     2 |    21 |    32 |    16 ||    71
         War axe           |       |       |       |       |    40 ||    40
         Constrict         |       |       |       |       |    22 ||    22
  Throw: Stone             |       |     3 |       |     7 |     2 ||    12
         Dart              |       |       |     3 |       |       ||     3
   Cast: Freeze            |    17 |    10 |     5 |     6 |     6 ||    44
         Frozen Ramparts   |     2 |     5 |    27 |    40 |     9 ||    83
         Ozocubu's Armour  |       |     2 |    16 |    29 |     7 ||    54
         Summon Ice Beast  |       |       |    13 |    37 |     6 ||    56
 Invoke: Bend Time         |       |       |       |       |     2 ||     2
Ability: Spit Poison       |    35 |    33 |    28 |    38 |     4 ||   138
    Use: Scroll            |       |     8 |     1 |    11 |     1 ||    21
         Potion            |       |       |     1 |     4 |       ||     5
   Stab: Sleeping          |       |       |     6 |     4 |     1 ||    11
         Distracted        |       |       |       |     2 |       ||     2
 Armour: Leather armour    |    24 |    30 |       |       |       ||    54
         Ring mail         |       |    34 |   189 |   240 |       ||   463
         Acid dragon scale |       |       |       |   243 |    85 ||   328
  Dodge: Dodged            |    14 |    21 |    98 |   294 |    79 ||   506

Table legend: (Time is in decaauts)
 A = Elapsed time spent in this place.
 B = Non-inter-level travel time spent in this place.
 C = Inter-level travel time spent in this place.
 D = Time resting spent in this place.
 E = Time spent auto-exploring this place.
 F = Levels seen in this place.
 G = Mean time per level.
                   A        B        C        D        E       F      G
               +--------+--------+--------+--------+--------+-----+--------+
         Total |  22176 |  21163 |   1013 |   3630 |  10976 |  14 | 1584.0 |
       Dungeon |  19798 |  18785 |   1013 |   3083 |  10505 |  11 | 1799.8 |
        Temple |      1 |      1 |      0 |      0 |      0 |   1 |    1.0 |
          Lair |   1673 |   1673 |      0 |    243 |    466 |   1 | 1673.0 |
        Bailey |    703 |    703 |      0 |    304 |      4 |   1 |  703.0 |
               +--------+--------+--------+--------+--------+-----+--------+

Top non-repeatable levels by time:
     D:9: 3827 daAuts
    D:10: 2349 daAuts
    D:11: 2077 daAuts
     D:7: 1960 daAuts
     D:4: 1914 daAuts
     D:6: 1724 daAuts
  Lair:1: 1673 daAuts
     D:1: 1671 daAuts
     D:2: 1596 daAuts
     D:5: 1088 daAuts
     D:8: 1067 daAuts
  Bailey: 703 daAuts
     D:3: 520 daAuts
  Temple: 1 daAuts
